 Dungeon Crawl Stone Soup version 0.31.0-11-ge490571c62 (webtiles) character file.

Game seed: 18199989658905294528

148 Peloso the Covered (level 5, -1/47 HPs)
             Began as a Minotaur Fighter on Feb 9, 2024.
             Slain by an iguana (6 damage)
             ... on level 3 of the Dungeon.
             The game lasted 00:04:04 (2248 turns).

Peloso the Covered (Minotaur Fighter)               Turns: 2248, Time: 00:04:05

Health: -1/47      AC:  8    Str: 21    XL:     5   Next: 8%
Magic:  4/4        EV:  9    Int:  5    God:
Gold:   184        SH:  4    Dex: 11    Spells: 4/4 levels left

rFire   . . .        a - +0 long sword
rCold   . . .        d - +0 buckler
rNeg    . . .        b - +0 scale mail
rPois   .            (helmet restricted)
rElec   .            (no cloak)
rCorr   .            (no gloves)
SInv    .            c - +0 pair of boots
Will    .....        (no amulet) Stlth
                     (no ring)
HPRegen 0.27/turn    (no ring)
MPRegen 0.09/turn

%: no passive effects
@: no status effects
A: horns 2, retaliatory headbutt
a: no special abilities


You were on level 3 of the Dungeon.
You visited 1 branch of the dungeon, and saw 4 of its levels.

You collected 184 gold pieces.

Inventory:

Hand Weapons
 a - a +0 long sword (weapon)
Armour
 b - a +0 scale mail (worn)
 c - a +0 pair of boots (worn)
 d - a +0 buckler (worn)
Jewellery
 l - a +6 ring of intelligence
Scrolls
 e - a scroll of fear
 f - 2 scrolls of teleportation
 g - 2 scrolls of identify {unknown}
 h - a scroll of brand weapon {unknown}
 k - a scroll of revelation {unknown}
Potions
 j - a potion of might


   Skills:
 + Level 4.3 Fighting
 + Level 4.2 Long Blades
 + Level 4.6 Armour
 + Level 1.1 Dodging
 + Level 0.1 Stealth
 + Level 4.3 Shields


You had 4 spell levels left.
You didn't know any spells.
Your spell library contained the following spells:

 Spells                   Type           Power      Damage    Failure   Level
 Magic Dart               Conj           0%         1d3       86%         1
 Blink                    Tloc           0%         N/A       95%         2
 Call Imp                 Summ           0%         N/A       95%         2
 Hailstorm                Conj/Ice       0%         3d5       99%         3
 Summon Ice Beast         Ice/Summ       0%         N/A       99%         3
 Sculpt Simulacrum        Ice/Alch       0%         N/A       100%        6


Dungeon Overview and Level Annotations

Branches:
Dungeon (4/15)
 Temple: D:4-7

Altars:
Okawaru

Shops:
D:3 =

Annotations:
D:2 1 transporter, Sigmund
D:4 1 runed translucent door


Innate Abilities, Weirdness & Mutations

You have a pair of horns on your head.
You reflexively headbutt those who attack you in melee.


Message History

The iguana attacks as it pursues you! The iguana bites you.
Things that are here:
a +0 flail; a +1 whip of venom; a gnoll corpse The iguana attacks as it pursues you!
The iguana bites you!
You closely miss the iguana. Your headbutt misses the iguana.
The iguana bites you!
You hit the iguana but do no damage.
The iguana bites you but does no damage.
You hit the iguana but do no damage.
The iguana bites you but does no damage.
The iguana barely misses you.
You hit the iguana.
The iguana is moderately wounded.
The iguana bites you but does no damage.
You barely miss the iguana.
You headbutt the iguana, but do no damage.
The iguana is moderately wounded.
The iguana bites you!
* * * LOW HITPOINT WARNING * * *
You hit the iguana but do no damage.
The iguana is moderately wounded.
You block the iguana's attack.
You hit the iguana.
The iguana is heavily wounded.
The iguana barely misses you. You block the iguana's attack.
You barely miss the iguana.
The iguana is heavily wounded.
The iguana bites you!
* * * LOW HITPOINT WARNING * * *
You hit the iguana but do no damage.
The iguana is heavily wounded.
You block the iguana's attack.
You hit the iguana but do no damage. Your headbutt misses the iguana.
The iguana is heavily wounded.
The iguana closely misses you.
Okay, then.
You slash the iguana!
The iguana is almost dead.
The iguana bites you.
You die...

###### .....# ####.# #.#
#.# ### ###
####.########.#######.##
................@lg..#.##
................###†###.##
###...####.......#.##
##.## ..#...# #......[..##
##.# .....## ##.......#.##
##.##
###..######.....###?###.##
# #.....# ##..♣## ##.#..#
###..##.####...# ##.#.#
......#......♣∩♣ #.#÷##


You could see an iguana and a gnoll.

Vanquished Creatures
  A bombardier beetle (D:3)
  2 gnolls (D:3)
  3 adders (D:3)
  2 dart slugs (D:3)
  5 orcs
  3 ball pythons (D:1)
  4 endoplasms
  A giant cockroach (D:2)
  3 goblins
  8 hobgoblins
  4 jackals (D:1)
  A quokka (D:3)
  A bat (D:1)
  4 frilled lizards
  A kobold (D:1)
  20 rats
63 creatures vanquished.

Notes
Turn   | Place    | Note
-------+----------+-------------------------------------------
     0 | D:1      | Peloso the Minotaur Fighter began the quest for the Orb.
     0 | D:1      | Reached XP level 1. HP: 19/19 MP: 0/0
   294 | D:1      | Reached XP level 2. HP: 27/27 MP: 1/1
   981 | D:2      | Found a transporter.
  1014 | D:2      | Noticed Sigmund
  1171 | D:3      | Reached XP level 3. HP: 26/33 MP: 2/2
  1284 | D:3      | Found Caasapum's Jewellery Shoppe.
  1531 | D:3      | Reached XP level 4. HP: 40/40 MP: 3/3
  1992 | D:4      | Found an iron altar of Okawaru.
  1992 | D:4      | Found a runed translucent door.
  1997 | D:4      | Noticed an ogre
  1998 | D:4      | Noticed a gnoll sergeant
  2062 | D:3      | Reached skill level 1 in Dodging
  2064 | D:3      | Reached XP level 5. HP: 40/47 MP: 4/4
  2248 | D:3      | Slain by an iguana

Illustrated notes

Levels and vault maps discovered:
D:1:      dpeg_arrival_more_subterranean_lakeside_camping, layout_basic
D:2:      layout_loops_ring, serial_shops, nicolae_shop_just_a_little_nook,
          nicolae_shop_drivethru, uniq_sigmund
D:3:      layout_loops_ring, serial_shops, nicolae_shop_trees, minmay_rat_hole
D:4:      layout_rooms, pdpol_temple_overflow_zin_treasury_gozag_greed,
          nicolae_overflow_guarded_unrand_okawaru_victory, minitemple,
          nicolae_shop_clearance

Skill      XL: |  1  2  3  4 |
---------------+-------------+-----
Shields        | 4 |  4.3
Armour         | 4 |  4.6
Long Blades    | 3 4 |  4.2
Fighting       | 4 |  4.3
Dodging        | 1 |  1.1
Stealth        | |  0.1

Action                     |  1- 3 |  4- 6 || total
---------------------------+-------+-------++-------
  Melee: Long sword        |    88 |    61 ||   149
         Headbutt          |    10 |     5 ||    15
    Use: Potion            |     2 |       ||     2
         Scroll            |       |     3 ||     3
 Armour: Scale mail        |    64 |    46 ||   110
  Dodge: Dodged            |    46 |    26 ||    72
  Block: Buckler           |    18 |    11 ||    29
